 Dungeon Crawl Stone Soup version 0.31-a0-175-g9f7f995f2b (webtiles) character file.

Game seed: 16512033584264293973

21 Zonian the Ruffian (level 2, 0/15 HPs)
             Began as a Vine Stalker Gladiator on June 17, 2023.
             Frozen to death by an endoplasm (3 damage)
             ... on level 2 of the Dungeon.
             The game lasted 00:02:05 (928 turns).

Zonian the Ruffian (Vine Stalker Gladiator)          Turns: 928, Time: 00:02:05

Health: 0/15       AC:  4    Str: 16    XL:     2   Next: 83%
Magic:  0/3        EV: 12    Int:  8    God:
Gold:   72         SH:  0    Dex: 15    Spells: 1/1 levels left

rFire   . .          .
                       - Unarmed
rCold   . . .        (no shield)
rNeg    . . .        a - +0 leather armour
rPois   .            b - +0 helmet
rElec   .            (no cloak)
rCorr   .            (no gloves)
SInv    .            (no boots)
Will    .....        (no amulet)
Stlth   +            (no ring)
HPRegen 0.22/turn    (no ring)
MPRegen 0.08/turn

%: guardian spirit
@: no status effects
A: fangs 2, magic shield, antimagic bite, no potion heal 2
a: no special abilities


You were on level 2 of the Dungeon.
You visited 1 branch of the dungeon, and saw 2 of its levels.

You collected 72 gold pieces.

Inventory:

Missiles
 c - a throwing net (quivered)
 d - a javelin
 k - 5 poisoned darts
Armour
 a - a +0 leather armour (worn)
 b - a +0 helmet (worn)
Scrolls
 e - 2 scrolls of identify {unknown}
 f - a scroll of fog {unknown}
 g - a scroll of acquirement {unknown}
 h - 2 scrolls of amnesia {unknown}
Potions
 i - 2 potions of curing {unknown}
 j - a potion of enlightenment {unknown}
 l - 2 potions of invisibility {unknown}
 m - a potion of ambrosia {unknown}
 n - a potion of berserk rage {unknown}


   Skills:
 + Level 2.1 Fighting
 + Level 2.1 Throwing
 + Level 2.6 Dodging
 + Level 3.2 Unarmed Combat


You had one spell level left.
You didn't know any spells.
Your spell library contained the following spells:

 Spells                   Type           Power      Damage    Failure   Level
 Cigotuvi's Dreadful Rot  Necr/Pois/Air  0%         N/A       63%         2
 Ignite Poison            Fire/Tmut/Pois 0%         N/A       85%         3
 Freezing Cloud           Conj/Ice/Air   0%         6-21      100%        5


Dungeon Overview and Level Annotations

Branches:
Dungeon (2/15)

Altars:


Innate Abilities, Weirdness & Mutations

You have extremely sharp teeth.
When hurt, damage is shared between your health and your magic reserves.
Your bite disrupts and absorbs the magic of your enemies.
Potions cannot restore your health.


Message History

You miss the adder. You bite the adder, but do no damage.
The adder is heavily wounded.
The adder barely misses you. The bat barely misses you.
Unknown command.
The bat barely misses you. The adder bites you.
* * * LOW HITPOINT WARNING * * *
The endoplasm struggles against the net.
The net rips apart, and the endoplasm comes free!
The adder bites you but does no damage.
Unknown command.
The bat barely misses you. The adder attacks as you move away!
The adder closely misses you. The bat barely misses you.
The bat hits you but does no damage.
Unknown command.
Throw: 2 throwing nets
Press: ? - help, Shift-Dir - straight line, f/p - adder
Aim: an adder (heavily wounded, 42% to hit)
You throw a throwing net.
The throwing net closely misses the adder.
The throwing net hits the worm.
The worm is caught in the net!
The bat barely misses you. The adder closely misses you.
The bat barely misses you. The adder attacks as you move away!
The adder closely misses you. The bat closely misses you.
The endoplasm freezes you.
You are frozen.
* * * LOW HITPOINT WARNING * * *
The worm struggles against the net.
The adder bites you.
* * * LOW HITPOINT WARNING * * *
You hit the adder but do no damage. You bite the adder. You drain its power.
You feel invigorated.
The adder is almost dead.
The bat hits you but does no damage. The endoplasm misses you.
The adder bites you but does no damage.
The worm struggles against the net.
You barely miss the adder.
The adder is almost dead.
The bat hits you but does no damage. The endoplasm freezes you.
You are frozen.
You die...

#.#.# #.#.# #.#.#
#.#.##### ##
###.#..... .#
#...b...########.#
#=.............#.#
#...@S.w......<..#
#....J......######
#..............
#######.)...###
#.....# #.....#
#.....# #..$..#


You could see a worm (caught), an adder, an endoplasm and a bat.

Vanquished Creatures
  4 ball pythons (D:1)
  2 endoplasms (D:1)
  6 hobgoblins (D:1)
  A quokka (D:1)
  2 bats (D:1)
  2 rats (D:1)
  A spectral hobgoblin (D:1)
18 creatures vanquished.

Notes
Turn   | Place    | Note
-------+----------+-------------------------------------------
     0 | D:1      | Zonian the Vine Stalker Gladiator began the quest for the
                  | Orb.
     0 | D:1      | Reached XP level 1. HP: 11/11 MP: 2/2
    90 | D:1      | Found a faded altar of an unknown god.
   332 | D:1      | Reached XP level 2. HP: 11/15 MP: 3/3
   928 | D:2      | Frozen to death by an endoplasm

Illustrated notes

Levels and vault maps discovered:
D:1:      dpeg_arrival_boxes_within_box, layout_loops_ring,
          dreamdust_ecumenical_altar_drowned_temple
D:2:      layout_basic, grunt_ministairs_7, due_unseen_surprise, uniq_natasha

Skill      XL: |  1  2 |
---------------+-------+-----
Fighting       | 2 |  2.1
Throwing       | 2 |  2.1
Dodging        | |  2.6
Unarmed Combat | |  3.2

Action                     || total
---------------------------++-------
  Melee: Unarmed           ||    60
         Bite              ||    14
         Punch             ||     1
  Throw: Throwing net      ||     2
 Armour: Leather armour    ||    21
  Dodge: Dodged            ||    56

Table legend: (Time is in decaauts)
 A = Elapsed time spent in this place.
 B = Non-inter-level travel time spent in this place.
 C = Inter-level travel time spent in this place.
 D = Time resting spent in this place.
 E = Time spent auto-exploring this place.
 F = Levels seen in this place.
 G = Mean time per level.
                   A        B        C        D        E       F      G
               +--------+--------+--------+--------+--------+-----+--------+
         Total |    929 |    887 |     42 |    122 |    556 |   2 |  464.5 |
       Dungeon |    929 |    887 |     42 |    122 |    556 |   2 |  464.5 |
               +--------+--------+--------+--------+--------+-----+--------+

Top non-repeatable levels by time:
     D:1: 901 daAuts
     D:2: 27 daAuts
